Map: Dreamcatcher LE

Players

PtitDrogo - Winner!

  • Race: Protoss Protoss
  • Spawn Location: 11:00

TIME (Oliveira)

  • Race: Terran Terran
  • Spawn Location: 5:00

Event: WCS Montreal 2018

VOD

Have the link to the VOD?

Description

Time

  • Played on: Sept. 7, 2018, 6:20 p.m.
  • Length: 8:23

All games in this series

Show
View Real Time Build Order
Export as new Build Order

PtitDrogo Protoss - Winner!

Build Orders: 1 Gate Expand, Oracle Opening 

Get SALT Encoding   

  12  0:02  Probe  
  14  0:14  Probe  
  14  0:17  Pylon  
  14  0:25  Probe  
  15  0:33  Probe  
  15  0:37  Gateway  
  15  0:41  Probe  
  16  0:46  Assimilator  
  17  0:52  Probe  
  18  1:04  Probe  
  19  1:16  Probe  
  20  1:23  Nexus  
  20  1:33  Cybernetics Core  
  20  1:36  Probe  
  21  1:42  Assimilator  
  21  1:48  Probe  
  21  1:52  Pylon  
  22  2:00  Stalker  
  22  2:01  Probe  
  23  2:13  Probe  
  26  2:22  Stargate  
  26  2:25  Probe  
  27  2:32  Probe  
  27  2:33  Probe  
  27  2:35  Warp Gate  
  28  2:40  Probe  
  28  2:41  Probe  
  29  2:45  Stalker  
  29  2:50  Probe  
  33  2:51  Probe  
  33  2:55  Oracle  
  35  3:02  Probe  
  35  3:03  Probe  
  37  3:09  Pylon  
  40  3:14  Probe  
  40  3:15  Probe  
  40  3:16  Zealot  
  44  3:26  Probe  
  45  3:27  Probe  
  46  3:36  Oracle  
  46  3:38  Probe  
  50  3:41  Gateway x2  
  50  3:42  Probe  
  50  3:46  Pylon  
  51  3:50  Probe  
  51  3:51  Assimilator  
  51  3:54  Assimilator, Probe  
  53  4:03  Probe  
  53  4:04  Oracle  
  53  4:07  Probe  
  55  4:15  Probe  
  59  4:17  Pylon  
  59  4:19  Probe  
  60  4:27  Probe  
  60  4:31  Nexus, Probe  
  62  4:39  Probe  
  62  4:41  Stalker x3  
  62  4:44  Probe  
  70  4:49  Pylon  
  70  5:00  Twilight Council  
  70  5:01  Forge  
  70  5:06  Blink  
  70  5:07  Probe x2  
  70  5:08  Protoss Ground Weapons Level 1  
  72  5:19  Probe x2  
  71  5:24  Stalker x3  
  77  5:31  Probe  
  78  5:42  Probe  
  79  5:44  Gateway  
  79  5:45  Gateway x2  
  79  5:48  Probe x2  
  78  5:51  Sentry x3  
  78  5:53  Gateway  
  78  5:54  Probe  
  85  5:57  Gateway  
  85  6:02  Probe  
  86  6:04  Probe  
  86  6:05  Pylon  
  86  6:06  Pylon  
  86  6:08  Probe  
  88  6:15  Probe  
  89  6:21  Probe  
  89  6:22  Pylon  
  89  6:24  Sentry  
  89  6:25  Stalker x2  
  96  6:29  Pylon  
  96  6:31  Pylon  
  96  6:33  Pylon  
  96  6:35  Photon Cannon  
  96  6:39  Shield Battery  
  96  6:41  Stalker x2  
  96  6:45  Pylon  
  100  6:52  Sentry  
  100  6:53  Stalker x3  
  108  6:56  Shield Battery  
  108  7:01  Photon Cannon  
  104  7:14  Probe  
  103  7:17  Stalker x3  
  103  7:18  Stalker x3  
  103  7:21  Stalker  
  117  7:29  Pylon  
  109  7:39  Stalker  
  109  7:40  Stalker x3  
  109  7:41  Zealot x2  
  121  7:47  Probe  
  121  7:49  Assimilator x2  
  122  7:51  Probe  
  122  7:52  Pylon, Probe  
  122  7:55  Robotics Facility  
  122  7:56  Stalker  
  122  7:58  Stalker  
  116  8:12  Stalker  
  116  8:13  Stalker x2  
Show
View Real Time Build Order
Export as new Build Order

TIME Terran 

Build Orders: Reaper Expand, MMM Bio 

Get SALT Encoding   

  12  0:00  SCV  
  13  0:12  SCV  
  14  0:17  Supply Depot  
  14  0:25  SCV  
  15  0:38  SCV  
  15  0:40  Barracks  
  16  0:44  Refinery  
  16  0:50  SCV  
  17  1:03  SCV  
  18  1:15  SCV  
  19  1:27  Reaper  
  19  1:28  Orbital Command  
  20  1:45  Command Center  
  20  1:53  Supply Depot  
  20  1:54  SCV  
  20  2:00  Marine  
  22  2:06  SCV  
  23  2:09  Factory  
  23  2:13  Refinery  
  23  2:19  SCV  
  23  2:21  Barracks Reactor  
  24  2:31  SCV  
  25  2:43  SCV  
  26  2:53  Widow Mine  
  26  2:54  Starport  
  26  2:55  SCV  
  26  2:58  Marine, Orbital Command  
  29  2:59  Marine  
  31  3:07  SCV  
  31  3:12  Barracks  
  32  3:14  Widow Mine  
  32  3:16  Marine x2  
  32  3:19  SCV  
  37  3:23  SCV  
  38  3:27  Supply Depot  
  38  3:32  Medivac  
  40  3:39  Widow Mine  
  40  3:40  Barracks  
  41  3:42  SCV  
  41  3:45  SCV  
  41  3:46  Marine  
  41  3:48  Marine  
  45  3:53  Supply Depot  
  46  3:55  SCV  
  46  3:57  SCV  
  46  4:07  SCV, Barracks Tech Lab, Marine x2  
  46  4:08  Starport Tech Lab  
  46  4:09  SCV  
  50  4:15  Engineering Bay  
  50  4:20  SCV  
  50  4:22  SCV  
  52  4:25  Marine, Refinery  
  52  4:26  Stimpack  
  52  4:28  Marine  
  54  4:32  SCV, Factory Reactor  
  54  4:34  SCV  
  54  4:35  Marine  
  57  4:39  Supply Depot  
  57  4:41  Terran Infantry Weapons Level 1  
  57  4:46  Bunker  
  57  4:47  Combat Shields  
  57  4:49  SCV  
  57  4:50  SCV  
  59  4:53  Marine  
  59  4:54  Marine  
  59  4:57  Marine  
  62  5:00  Marine  
  62  5:02  Supply Depot  
  62  5:03  Starport Reactor  
  62  5:06  SCV x2  
  65  5:10  Widow Mine x2  
  65  5:12  Marine  
  70  5:16  Marine x2  
  67  5:21  SCV  
  67  5:24  Marine  
  67  5:25  SCV  
  66  5:30  Marine  
  66  5:34  Widow Mine, Marine  
  71  5:35  SCV  
  71  5:38  SCV  
  72  5:47  SCV  
  72  5:48  Marine  
  72  5:49  Widow Mine  
  76  5:50  SCV  
  76  5:52  Marine  
  76  5:54  Medivac  
  77  5:58  Marine, Supply Depot  
  77  5:59  Supply Depot  
  78  6:06  Concussive Shells  
  78  6:19  Medivac, Marine x2  
  78  6:20  Marauder x2, Command Center  
  78  6:21  SCV, Widow Mine  
  78  6:23  SCV  
  78  6:24  Medivac  
  92  6:27  Widow Mine  
  94  6:36  Supply Depot  
  94  6:37  Supply Depot  
  94  6:44  Liberator  
  94  6:49  Refinery  
  94  6:53  Barracks  
  94  6:54  Barracks  
  94  6:57  Medivac, Marine x4  
  94  6:58  SCV x2  
  102  7:10  SCV x2, Widow Mine x2  
  102  7:15  Marine x2  
  104  7:16  Marauder  
  104  7:17  Marine  
  104  7:19  Liberator  
  104  7:22  SCV  
  110  7:23  Supply Depot  
  110  7:27  SCV  
  102  7:33  Marauder  
  102  7:36  Widow Mine x2  
  104  7:39  SCV  
  104  7:41  Barracks Reactor  
  98  7:47  Orbital Command  
  98  7:48  SCV, Barracks Tech Lab  
  98  7:51  Marauder, Marine  
  97  7:55  Marine  
  97  7:56  Marauder, SCV, Ghost Academy  
  97  7:57  Refinery  
  101  7:59  Refinery  
Tags
 
Add a new tag
Caveats
  • Supply blocks, unpowered buildings, or Contaminate may cause inaccurate times.
  • Supply counts are checked every 10 seconds.